[Event "Titled Tuesday Blitz August 15 Early 2023"]
[White "Gyulamiryan-koryun"]
[Black "Schachpanda_Youtube"]
[WhiteElo "2022"]
[BlackElo "2227"]
[Result "0-1"]
[Round "6"]
[TimeControl "180+1"]
[Date "2023.08.15"]
[WhiteClock "0:00:01"]
[BlackClock "0:00:25"]
[Board "203"]

1. d4 c6 2. c4 d5 3. Nf3 dxc4 4. g3 Nf6 5. Bg2 b5 6. O-O Bb7 7. a4 a6 8. Ne5 e6 9. axb5 axb5 10. Rxa8 Bxa8 11. Nc3 Nd5 12. e4 Nxc3 13. bxc3 Bd6 14. Ng4 O-O 15. h4 c5 16. h5 f5 17. e5 Bxg2 18. Kxg2 Be7 19. Ne3 cxd4 20. cxd4 Nc6 21. d5 Nxe5 22. Bb2 Nd3 23. Ba1 exd5 24. Qf3 f4 25. Nxd5 fxg3 26. Qe4 Bf6 27. Nxf6+ gxf6 28. h6 Qa8 29. Qxa8 Rxa8 30. Bxf6 gxf2 31. Bg7 c3 32. Bxc3 b4 33. Bg7 b3 34. Rd1 Rd8 35. Bc3 Nf4+ 36. Kf3 Rxd1 37. Kxf4 f1=Q+ 0-1


[Site "https://www.chess.com"]

[Event "Titled Tuesday Blitz August 15 Early 2023"]
[White "Firouzja, Alireza"]
[Black "Aronian, Levon"]
[WhiteFideId "12573981"]
[BlackFideId "13300474"]
[WhiteElo "3110"]
[BlackElo "3053"]
[Result "1/2-1/2"]
[Round "7"]
[TimeControl "180+1"]
[Date "2023.08.15"]
[WhiteClock "0:00:03"]
[BlackClock "0:00:06"]
[Board "1"]

1. e4 c5 2. Nf3 e6 3. Bd3 Nc6 4. O-O Nf6 5. Re1 d5 6. e5 Nd7 7. Bb5 Qc7 8. c3 a6 9. Bxc6 Qxc6 10. d4 b6 11. Nbd2 a5 12. Nf1 Ba6 13. Ng3 Qb5 14. Re3 a4 15. b3 Be7 16. c4 Qc6 17. Nh5 O-O-O 18. cxd5 Qxd5 19. Nf4 Qc6 20. Ba3 g5 21. d5 exd5 22. Nxd5 Rhe8 23. Nxe7+ Rxe7 24. Nxg5 Nxe5 25. Qh5 Rg8 26. Rg3 f6 27. Nh3 Ng6 28. Bb2 Rge8 29. Bc3 Qe4 30. Re3 Qc2 31. Bxf6 Rxe3 32. fxe3 Bb7 33. Qg4+ Kb8 34. Nf2 Rxe3 35. h4 Qd2 36. Rf1 Re1 37. Qg3+ Ka7 38. Rxe1 Qxe1+ 39. Kh2 Qe2 40. bxa4 Qxa2 41. h5 Nf8 42. h6 Ng6 43. Bg7 Qxa4 44. Ng4 Qf4 45. Qxf4 Nxf4 46. Nf6 Ne6 47. Nxh7 Be4 48. Nf6 Bg6 49. Bh8 b5 50. g4 b4 51. Nd5 Ng5 52. Kg3 Nf7 53. Bg7 Kb7 54. Kf4 b3 55. Ne7 Bc2 56. g5 c4 57. g6 Nxh6 58. Kg5 Ng8 59. Nxg8 Kc6 60. Bb2 Bxg6 61. Kxg6 Kd5 62. Kf5 c3 63. Bxc3 Kc4 64. Bf6 Kd3 65. Ne7 Kc2 66. Nc6 b2 67. Nb4+ Kb3 68. Bxb2 Kxb2 1/2-1/2


[Site "https://www.chess.com"]

[Event "Titled Tuesday Blitz August 15 Early 2023"]
[White "Durarbayli, Vasif"]
[Black "Bortnyk, Olexandr"]
[WhiteFideId "13402935"]
[BlackFideId "14120828"]
[WhiteElo "2888"]
[BlackElo "3099"]
[Result "0-1"]
[Round "7"]
[TimeControl "180+1"]
[Date "2023.08.15"]
[WhiteClock "0:00:18"]
[BlackClock "0:01:42"]
[Board "2"]

1. e4 Nf6 2. e5 Nd5 3. d4 d6 4. c4 Nb6 5. exd6 exd6 6. Nc3 Be7 7. Bd3 O-O 8. Nge2 c6 9. Qc2 g6 10. O-O Na6 11. a3 d5 12. c5 Nd7 13. b4 Nc7 14. Nf4 Bf6 15. Be3 Re8 16. Rfe1 Nf8 17. b5 Nfe6 18. Nxe6 Nxe6 19. bxc6 bxc6 20. Ne2 Qa5 21. Bd2 Qc7 22. Be3 Rb8 23. Qa4 Bd7 24. Rab1 h5 25. Rb4 Rxb4 26. axb4 Nxd4 27. Bxd4 Bxd4 28. Qc2 Kg7 29. Rd1 Be5 30. g3 a5 31. Rb1 axb4 32. Rxb4 Qa5 33. Rb7 Qe1+ 34. Kg2 Bh3+ 35. Kxh3 Qf1+ 0-1


[Site "https://www.chess.com"]

[Event "Titled Tuesday Blitz August 15 Early 2023"]
[White "Fedoseev, Vladimir"]
[Black "Korobov, Anton"]
[WhiteFideId "24130737"]
[BlackFideId "14105730"]
[WhiteElo "3110"]
[BlackElo "3030"]
[Result "1-0"]
[Round "7"]
[TimeControl "180+1"]
[Date "2023.08.15"]
[WhiteClock "0:00:54"]
[BlackClock "0:00:09"]
[Board "3"]

1. Nf3 d5 2. g3 c6 3. Bg2 Bg4 4. O-O Nd7 5. d3 e6 6. e4 Bd6 7. Qe1 Ne7 8. Nd4 O-O 9. h3 Bh5 10. exd5 cxd5 11. Nxe6 fxe6 12. Qxe6+ Bf7 13. Qxd6 Rc8 14. Nc3 Nf6 15. Bf4 d4 16. Nb5 Rxc2 17. b3 Nc6 18. Rfc1 Rxc1+ 19. Rxc1 Bd5 20. Bxd5+ Nxd5 21. Qe6+ Kh8 22. Bd6 Qf6 23. Qxd5 Qxf2+ 24. Kh1 Rf3 25. Nxd4 Rxd3 26. Qe4 Re3 27. Qf4 Re1+ 28. Rxe1 Qxe1+ 29. Kg2 1-0


[Site "https://www.chess.com"]

[Event "Titled Tuesday Blitz August 15 Early 2023"]
[White "Naroditsky, Daniel"]
[Black "Shimanov, Aleksandr"]
[WhiteFideId "2026961"]
[BlackFideId "4198603"]
[WhiteElo "3186"]
[BlackElo "3025"]
[Result "1/2-1/2"]
[Round "7"]
[TimeControl "180+1"]
[Date "2023.08.15"]
[WhiteClock "0:00:53"]
[BlackClock "0:00:20"]
[Board "4"]

1. d4 d5 2. Nc3 Nf6 3. Bf4 c5 4. e3 cxd4 5. exd4 a6 6. Nf3 Bg4 7. h3 Bxf3 8. Qxf3 Nc6 9. O-O-O e6 10. g4 Bd6 11. g5 Bxf4+ 12. Qxf4 Nh5 13. Qg4 g6 14. Bg2 Qd6 15. Rhe1 O-O 16. Ne2 b5 17. Kb1 b4 18. Bf3 a5 19. Ng3 Nxg3 20. Qxg3 Qxg3 21. fxg3 a4 22. Re3 Rfc8 23. h4 Ra7 24. Be2 a3 25. b3 Rac7 26. Ba6 Ra8 27. Bb5 Ne7 28. g4 Nc8 29. Bd3 Nd6 30. Kc1 Rac8 31. Kd2 Rc3 32. Rf1 R8c6 33. h5 1/2-1/2


[Site "https://www.chess.com"]

[Event "Titled Tuesday Blitz August 15 Early 2023"]
[White "Makarian, Rudik"]
[Black "Nihal Sarin"]
[WhiteFideId "44105681"]
[BlackFideId "25092340"]
[WhiteElo "2976"]
[BlackElo "3141"]
[Result "0-1"]
[Round "7"]
[TimeControl "180+1"]
[Date "2023.08.15"]
[WhiteClock "0:00:28"]
[BlackClock "0:00:37"]
[Board "5"]

1. d4 Nf6 2. c4 e6 3. Nf3 d5 4. Nc3 Be7 5. g3 O-O 6. Bg2 c6 7. O-O Nbd7 8. Qd3 b6 9. e4 Ba6 10. b3 Rc8 11. Rd1 h6 12. Bb2 Bb4 13. e5 Bxc3 14. Bxc3 Ne4 15. Bb2 c5 16. Qe3 Bb7 17. Nd2 Nxd2 18. Rxd2 Qc7 19. cxd5 Bxd5 20. Bxd5 exd5 21. dxc5 Nxc5 22. Rxd5 Ne6 23. Rad1 Qc2 24. R5d2 Qf5 25. h4 Rc7 26. Kg2 h5 27. Qf3 Qg6 28. Bd4 b5 29. Be3 a6 30. Rd6 Rc2 31. Rxa6 Nf4+ 32. Bxf4 Qxa6 33. a4 bxa4 34. bxa4 Qxa4 35. Qxh5 Rc3 36. Re1 Qc6+ 37. Kg1 Rb3 38. Qe2 Qe6 39. Qe4 Rfb8 40. Kg2 R8b4 41. Qa8+ Kh7 42. Rd1 Rxf4 43. Rd8 Rxf2+ 44. Kxf2 Qf5+ 45. Ke2 Qxe5+ 46. Kd2 Qe3+ 47. Kd1 Rb1+ 48. Kc2 Rc1+ 0-1


[Site "https://www.chess.com"]

[Event "Titled Tuesday Blitz August 15 Early 2023"]
[White "Vachier-Lagrave, Maxime"]
[Black "Terry, Renato"]
[WhiteFideId "623539"]
[BlackFideId "3803457"]
[WhiteElo "3131"]
[BlackElo "2931"]
[Result "1/2-1/2"]
[Round "7"]
[TimeControl "180+1"]
[Date "2023.08.15"]
[WhiteClock "0:00:21"]
[BlackClock "0:00:02"]
[Board "6"]

1. e4 e6 2. d4 d5 3. e5 c5 4. c3 Qb6 5. Nf3 Bd7 6. Be2 cxd4 7. cxd4 Bb5 8. Nc3 Bxe2 9. Nxe2 Bb4+ 10. Bd2 Bxd2+ 11. Qxd2 Ne7 12. O-O Nbc6 13. Ng3 O-O 14. Rfc1 Rac8 15. b3 Qb4 16. Qb2 Na5 17. h4 h6 18. h5 a6 19. Nf1 Nc4 20. Qe2 Na3 21. Ne3 Rc3 22. Kh2 Rfc8 23. Qd2 a5 24. Qb2 Rxc1 25. Rxc1 Rxc1 26. Qxc1 Nc6 27. Ng4 Nxd4 28. Nxd4 Qxd4 29. Kg3 Qd3+ 30. f3 Nc2 31. Nxh6+ gxh6 32. Qxh6 Qe3 33. Qf6 Nd4 34. Qd8+ Kh7 35. Qf6 Nf5+ 36. Kh3 Nh6 37. g4 Qd3 38. Kh4 Qe3 39. Kh3 Qf2 40. g5 Qf1+ 41. Kh2 Qf2+ 42. Kh3 Qf1+ 43. Kh2 Qe2+ 44. Kh3 Qf1+ 1/2-1/2


[Site "https://www.chess.com"]

[Event "Titled Tuesday Blitz August 15 Early 2023"]
[White "Drygalov, Andrey"]
[Black "Dubov, Daniil"]
[WhiteFideId "24171735"]
[BlackFideId "24126055"]
[WhiteElo "2927"]
[BlackElo "3069"]
[Result "1-0"]
[Round "7"]
[TimeControl "180+1"]
[Date "2023.08.15"]
[WhiteClock "0:00:04"]
[BlackClock "0:00:01"]
[Board "7"]

1. e4 e5 2. Nf3 Nc6 3. Bc4 Nf6 4. d3 Be7 5. O-O O-O 6. Re1 d6 7. a4 Be6 8. Nc3 Bxc4 9. dxc4 a5 10. Nd5 b6 11. h3 Nb8 12. Qd3 Na6 13. Be3 Nd7 14. c3 Nac5 15. Qc2 Ne6 16. b4 Kh8 17. Rad1 g6 18. Nh2 Bg5 19. Bxg5 Qxg5 20. Nf3 Qh6 21. Nxc7 Nxc7 22. Rxd6 Nb8 23. Rxb6 Ne6 24. Nxe5 Qf4 25. Nd3 Qc7 26. c5 axb4 27. cxb4 Nc6 28. Qc3+ Kg8 29. b5 Ncd4 30. a5 Rac8 31. Kh1 Rfd8 32. Rb1 Ng5 33. Nb4 Qf4 34. Qe3 Qh4 35. Nd5 Nxe4 36. Qxe4 Qxf2 37. Ne7+ Kf8 38. Nxc8 Ne2 39. Qf3 Ng3+ 40. Kh2 Nf1+ 41. Rxf1 1-0


[Site "https://www.chess.com"]

[Event "Titled Tuesday Blitz August 15 Early 2023"]
[White "Lazavik, Denis"]
[Black "Kazakouski, Valery"]
[WhiteFideId "13515110"]
[BlackFideId "13507443"]
[WhiteElo "3050"]
[BlackElo "2924"]
[Result "1/2-1/2"]
[Round "7"]
[TimeControl "180+1"]
[Date "2023.08.15"]
[WhiteClock "0:00:14"]
[BlackClock "0:00:08"]
[Board "8"]

1. d4 Nf6 2. c4 e6 3. Nf3 d5 4. g3 dxc4 5. Bg2 c6 6. a4 Bb4+ 7. Bd2 a5 8. O-O O-O 9. Qc2 Bxd2 10. Nbxd2 b5 11. b3 cxb3 12. Nxb3 b4 13. e4 Nbd7 14. Rfd1 Qb6 15. Rac1 Bb7 16. e5 Nd5 17. Ng5 g6 18. Ne4 Rad8 19. Qd2 Kg7 20. h4 h5 21. Qg5 Rb8 22. Bf3 Qd8 23. Qxd8 Rfxd8 24. Nxa5 N7b6 25. Ra1 Ba8 26. Nb3 Nc3 27. Nxc3 bxc3 28. Nc5 Nd7 29. Rdc1 Nxc5 30. dxc5 Rb3 31. Bd1 Rb2 32. Rxc3 Rdd2 33. a5 Rxf2 34. Bf3 Ra2 35. Rb1 Rfd2 36. Rd1 Rxd1+ 37. Bxd1 Ra1 38. Rd3 Rxa5 39. Rd7 Rxc5 40. Bb3 Rxe5 41. Ra7 Re3 42. Ba2 Rxg3+ 43. Kf2 Rg4 44. Bxe6 Rxh4 45. Rxf7+ Kh6 46. Ra7 Re4 47. Bf7 c5 48. Bxg6 Kxg6 49. Rxa8 c4 50. Rc8 Rg4 51. Kf3 Kg5 52. Rc5+ Kh4 53. Rd5 c3 54. Rc5 Rg3+ 55. Kf4 Rd3 56. Ke4 Rh3 57. Kf4 Rg3 58. Rc8 Rg4+ 59. Kf5 Rg3 60. Kf4 Rg1 61. Rxc3 Rf1+ 62. Ke4 Kg4 63. Rc8 Re1+ 64. Kd3 h4 65. Rg8+ Kf3 66. Kd2 Re7 67. Rf8+ Kg2 68. Rg8+ Kh2 69. Rh8 h3 70. Rg8 Kh1 71. Rg6 Re8 72. Rg7 Kh2 73. Rg6 Re5 74. Rg7 Ra5 75. Ke2 Ra2+ 76. Kf3 Rg2 77. Rh7 Rg1 78. Kf2 Rg8 79. Rf7 Kh1 80. Rf6 h2 81. Rf7 Rg2+ 82. Kf1 Rg1+ 83. Kf2 Rg2+ 84. Kf1 Ra2 85. Rf8 Ra1+ 86. Kf2 Ra2+ 87. Kf1 Ra3 88. Kf2 Ra4 89. Rf7 Ra5 90. Rf8 Ra6 91. Rf7 Ra2+ 92. Kf1 Ra1+ 93. Kf2 Ra2+ 94. Kf1 Ra1+ 95. Kf2 Ra2+ 1/2-1/2


[Site "https://www.chess.com"]

[Event "Titled Tuesday Blitz August 15 Early 2023"]
[White "Duda, Jan-Krzysztof"]
[Black "Zhigalko, Sergei"]
[WhiteFideId "1170546"]
[BlackFideId "13502956"]
[WhiteElo "3039"]
[BlackElo "2922"]
[Result "1/2-1/2"]
[Round "7"]
[TimeControl "180+1"]
[Date "2023.08.15"]
[WhiteClock "0:00:01"]
[BlackClock "0:00:03"]
[Board "9"]

1. e4 c5 2. Nf3 Nc6 3. Bb5 Nf6 4. Bxc6 dxc6 5. d3 Bg4 6. Nbd2 Nd7 7. h3 Bh5 8. a4 Qc7 9. a5 e6 10. Nc4 Be7 11. O-O O-O 12. g4 Bg6 13. Re1 b5 14. Ne3 Rae8 15. Ng2 f6 16. b3 Rd8 17. c4 e5 18. Nfh4 Rfe8 19. Nf5 Nf8 20. h4 Ne6 21. h5 Bf7 22. Re3 Bf8 23. Rg3 Nf4 24. Qc2 g6 25. Nfh4 Bh6 26. Be3 Qd7 27. Rd1 Be6 28. f3 Bg5 29. Bxc5 gxh5 30. Nf5 Bxf5 31. gxf5 Kh8 32. d4 Rg8 33. Kh1 bxc4 34. bxc4 Qf7 35. a6 h4 36. Rg4 Nh5 37. dxe5 Rxd1+ 38. Qxd1 Qxc4 39. Be7 Ng3+ 40. Kh2 Nf1+ 41. Kh3 h5 42. Rxg5 fxg5 43. Bf6+ Kh7 44. e6 Nd2 45. Qxd2 Qf1 46. Kh2 g4 47. Qd7+ Kh6 48. Qd2+ Kh7 49. Bxh4 gxf3 50. Qd7+ Kh6 51. Qd2+ Kh7 52. Qd7+ Kh6 53. Qd2+ Kh7 1/2-1/2


[Site "https://www.chess.com"]

[Event "Titled Tuesday Blitz August 15 Early 2023"]
[White "Deac, Bogdan-Daniel"]
[Black "Donchenko, Alexander"]
[WhiteFideId "1226380"]
[BlackFideId "24603295"]
[WhiteElo "3020"]
[BlackElo "2901"]
[Result "0-1"]
[Round "7"]
[TimeControl "180+1"]
[Date "2023.08.15"]
[WhiteClock "0:00:02"]
[BlackClock "0:00:49"]
[Board "10"]

1. e4 c5 2. Nf3 d6 3. Bb5+ Nd7 4. d4 cxd4 5. Qxd4 a6 6. Be2 Ngf6 7. O-O e5 8. Qe3 Nc5 9. Nfd2 h5 10. Rd1 Ng4 11. Qc3 Qh4 12. Qg3 Qxg3 13. hxg3 Be6 14. Nc3 Be7 15. Nc4 Rd8 16. f3 Nf6 17. Nb6 Ncd7 18. Nbd5 Nxd5 19. Nxd5 Nf6 20. Nxe7 Kxe7 21. c4 Nd7 22. Be3 Rc8 23. b3 a5 24. f4 f6 25. Rd2 Rc6 26. Rad1 Bg4 27. Bf3 b6 28. Kf2 Ra8 29. Bxg4 hxg4 30. Rh1 a4 31. Rh4 axb3 32. axb3 Ra3 33. Rb2 Nc5 34. Bxc5 bxc5 35. Rxg4 Kf7 36. fxe5 dxe5 37. b4 Rb6 38. b5 Rc3 39. Ra2 Rb7 40. Ra4 Rd7 41. Rh4 Rd2+ 42. Kg1 Rcc2 43. Ra7+ Ke6 44. Ra6+ Kd7 45. Ra7+ Kd6 46. Rxg7 Rxg2+ 47. Kf1 Rcf2+ 48. Ke1 Ra2 49. Kf1 Rgc2 0-1


[Site "https://www.chess.com"]

[Event "Titled Tuesday Blitz August 15 Early 2023"]
[White "Bacrot, Etienne"]
[Black "Bluebaum, Matthias"]
[WhiteFideId "605506"]
[BlackFideId "24651516"]
[WhiteElo "2877"]
[BlackElo "3011"]
[Result "0-1"]
[Round "7"]
[TimeControl "180+1"]
[Date "2023.08.15"]
[WhiteClock "0:00:03"]
[BlackClock "0:00:53"]
[Board "11"]

1. e4 e6 2. d4 d5 3. exd5 exd5 4. Nf3 Nc6 5. Bb5 a6 6. Bxc6+ bxc6 7. O-O Bd6 8. Re1+ Ne7 9. b3 O-O 10. Ba3 Bg4 11. Bxd6 cxd6 12. Qd3 Ng6 13. Nbd2 Qf6 14. Re3 Nf4 15. Qf1 c5 16. dxc5 dxc5 17. Ne5 Bf5 18. Rae1 d4 19. Rf3 Qg5 20. Ne4 Bxe4 21. Rxe4 Ng6 22. h4 Nxh4 23. Rg3 Qf5 24. Qd3 Ng6 25. Nc6 Qf6 26. Na5 Rfe8 27. Nc4 Qc6 28. Rgg4 h5 29. Rxg6 0-1


[Site "https://www.chess.com"]

[Event "Titled Tuesday Blitz August 15 Early 2023"]
[White "Lysyj, Igor"]
[Black "Martinez Alcantara, Jose Eduardo"]
[WhiteFideId "4150120"]
[BlackFideId "3805662"]
[WhiteElo "2873"]
[BlackElo "3007"]
[Result "1/2-1/2"]
[Round "7"]
[TimeControl "180+1"]
[Date "2023.08.15"]
[WhiteClock "0:00:13"]
[BlackClock "0:00:11"]
[Board "12"]

1. d4 Nf6 2. c4 e6 3. Nf3 Bb4+ 4. Bd2 c5 5. Bxb4 cxb4 6. g3 b6 7. Bg2 Bb7 8. O-O a5 9. a3 Na6 10. Qd3 O-O 11. Nbd2 d6 12. Ne1 Bxg2 13. Kxg2 e5 14. Nc2 Qe7 15. e4 bxa3 16. bxa3 Nb8 17. f3 Nc6 18. Rfb1 Qc7 19. Rb5 Rfc8 20. Rab1 Nd7 21. Qe3 h6 22. h4 Ne7 23. Qe2 Nc6 24. Qe3 Re8 25. Qd3 Rac8 26. Rc1 f5 27. dxe5 Ncxe5 28. Qd5+ Kh8 29. Ne3 Nf6 30. Qd4 fxe4 31. Nxe4 Nxe4 32. fxe4 Qf7 33. Rf1 Qg6 34. Rxb6 Nc6 35. Qd5 Qxe4+ 36. Qxe4 Rxe4 37. Nf5 Rxc4 38. Nxd6 Rc2+ 39. Kh3 Rc7 40. h5 Kh7 41. Rf8 g6 42. hxg6+ Kxg6 43. Nb5 Rf7 44. Rc8 Rf6 45. Rc7 Rc5 46. Na7 Rh5+ 47. Kg2 Nd4 48. Rxf6+ Kxf6 49. Nc6 Rc5 50. Ne7 Rxc7 51. Nd5+ Ke5 52. Nxc7 a4 53. Kh3 Kd6 54. Ne8+ Kc5 55. Kh4 Nb5 56. Nf6 Kd4 57. Nd7 Nxa3 58. Nb6 Nc4 59. Nxa4 Ne5 60. Kh5 Ke4 61. Kxh6 Kf3 62. Nc5 Kxg3 1/2-1/2


[Site "https://www.chess.com"]

[Event "Titled Tuesday Blitz August 15 Early 2023"]
[White "Lagarde, Maxime"]
[Black "Sadhwani, Raunak"]
[WhiteFideId "662399"]
[BlackFideId "35093487"]
[WhiteElo "2860"]
[BlackElo "3006"]
[Result "1-0"]
[Round "7"]
[TimeControl "180+1"]
[Date "2023.08.15"]
[WhiteClock "0:02:18"]
[BlackClock "0:01:33"]
[Board "13"]

1. d4 Nf6 2. Bg5 d5 3. e3 c5 4. Bxf6 gxf6 5. dxc5 Nc6 6. Nf3 e5 7. Be2 Bxc5 8. O-O Be6 9. Nbd2 Qb6 10. c4 Rd8 11. cxd5 Bxd5 12. Qc2 Nb4 13. Qf5 Qe6 14. Qh5 Bxa2 15. Rxa2 Nxa2 16. Bc4 Qe7 17. Bxa2 Kd7 18. Ne4 Bb6 19. Rc1 Ke8 20. Nh4 1-0


[Site "https://www.chess.com"]

[Event "Titled Tuesday Blitz August 15 Early 2023"]
[White "Tabatabaei, M. Amin"]
[Black "Materia, Marco"]
[WhiteFideId "12521213"]
[BlackFideId "45150451"]
[WhiteElo "3002"]
[BlackElo "2794"]
[Result "0-1"]
[Round "7"]
[TimeControl "180+1"]
[Date "2023.08.15"]
[WhiteClock "0:00:02"]
[BlackClock "0:00:30"]
[Board "14"]

1. e4 c5 2. Nf3 e6 3. c3 d5 4. exd5 Qxd5 5. d4 Nf6 6. Na3 Nc6 7. Be3 Ng4 8. Nc4 cxd4 9. Nxd4 Nxe3 10. Nxe3 Qc5 11. Nxc6 Qxc6 12. Be2 Bd7 13. Bf3 Qc7 14. Qb3 Bc6 15. Bxc6+ Qxc6 16. O-O-O Bc5 17. Rhe1 O-O 18. g3 a5 19. a4 Rfd8 20. Qb5 Qxb5 21. axb5 b6 22. f4 Kf8 23. Nc4 Rxd1+ 24. Rxd1 Ke8 25. Ne5 f6 26. Nc6 Rc8 27. Kc2 h5 28. Kb3 g6 29. Kc4 Rc7 30. Rd8+ Kf7 31. b3 Bg1 32. h3 Bh2 33. Rd3 Bg1 34. Rd2 h4 35. Rg2 Be3 36. Kd3 Bc1 37. Rc2 Rd7+ 38. Ke2 Ba3 39. gxh4 Rd5 40. c4 Rh5 41. Kf3 Rxh4 42. Kg3 g5 43. fxg5 fxg5 44. Rf2+ Kg7 45. Rd2 Bc5 46. Rd7+ Kf6 47. Rd8 Re4 48. Rd3 Re1 49. Rf3+ Kg6 50. Rd3 Rg1+ 51. Kf3 Kf5 52. Rd8 Rb1 53. Rd3 e5 54. Rd5 Rxb3+ 55. Ke2 Rxh3 56. Rxe5+ Kf6 57. Rd5 Rc3 58. Nxa5 Bf8 59. Nc6 Rxc4 60. Rd8 Bc5 61. Rd5 Rc2+ 62. Kd3 Rb2 63. Kc4 g4 64. Rd8 g3 65. Rg8 g2 66. Nd4 Rb4+ 0-1


[Site "https://www.chess.com"]

[Event "Titled Tuesday Blitz August 15 Early 2023"]
[White "Yanchenko, Roman"]
[Black "Le, Tuan Minh"]
[WhiteFideId "4137329"]
[BlackFideId "12401153"]
[WhiteElo "2792"]
[BlackElo "2992"]
[Result "0-1"]
[Round "7"]
[TimeControl "180+1"]
[Date "2023.08.15"]
[WhiteClock "0:00:00"]
[BlackClock "0:00:38"]
[Board "15"]

1. d4 d5 2. Nf3 Nf6 3. Bf4 c5 4. c3 Qb6 5. Qb3 Nc6 6. Nbd2 cxd4 7. Nxd4 Bd7 8. Qxb6 axb6 9. N2f3 e6 10. e3 Ne4 11. Nb5 Rc8 12. Nc7+ Kd8 13. Nb5 f6 14. Nd2 Nxd2 15. Kxd2 e5 16. Bg3 Na5 17. Kc2 Nc4 18. a4 Bf5+ 19. Kc1 Na5 20. Kd1 Nb3 21. Rc1 Nxc1 22. Kxc1 Bc5 23. Be2 Ke7 24. Rd1 Rhd8 25. Bd3 Bxd3 26. Rxd3 d4 27. exd4 Bxd4 28. f4 Ke6 29. fxe5 Bxe5 30. Re3 Rd5 31. Kc2 h5 32. Nd4+ Kf7 33. Nf3 Bxg3 34. hxg3 g5 35. Re4 b5 36. axb5 Rxb5 37. g4 hxg4 38. Rxg4 Re8 39. Nd4 Rbe5 40. Rg3 Kg6 41. Rf3 f5 42. Kd2 f4 43. Rf2 Kh5 44. Ne2 Kg4 45. b3 b5 46. b4 Ra8 47. Nc1 Kg3 48. Rf1 Kxg2 49. Rd1 Rd5+ 0-1


[Site "https://www.chess.com"]

[Event "Titled Tuesday Blitz August 15 Early 2023"]
[White "GaiozNigalidze"]
[Black "Matlakov, Maxim"]
[BlackFideId "4168003"]
[WhiteElo "2726"]
[BlackElo "2976"]
[Result "0-1"]
[Round "7"]
[TimeControl "180+1"]
[Date "2023.08.15"]
[WhiteClock "0:00:19"]
[BlackClock "0:00:47"]
[Board "16"]

1. d4 Nf6 2. c4 e6 3. Nf3 Bb4+ 4. Bd2 Be7 5. Nc3 d5 6. cxd5 exd5 7. g3 O-O 8. Bg2 c6 9. O-O Bf5 10. Bf4 Nbd7 11. Nh4 Be6 12. Nf3 h6 13. Ne5 Bf5 14. Nxd7 Qxd7 15. Qb3 Rfe8 16. Rfe1 Bh3 17. Rad1 Bxg2 18. Kxg2 Nh5 19. Bc1 Nf6 20. f3 a5 21. a4 Bb4 22. Bf4 Re6 23. Qc2 Rae8 24. Qd3 Qe7 25. Kf2 b6 26. Be5 Nd7 27. Bf4 Nf8 28. Bd2 Nh7 29. Bf4 Ng5 30. Kf1 Nh3 31. Bd2 Ng5 32. h4 Nh7 33. Kf2 Nf6 34. e3 Qd7 35. Kg2 Nh5 36. e4 Rg6 37. g4 Bxc3 38. bxc3 Nf6 39. e5 Nxg4 40. fxg4 Qxg4+ 41. Kh2 Qg2# 0-1


[Site "https://www.chess.com"]

[Event "Titled Tuesday Blitz August 15 Early 2023"]
[White "Gorovets, Andrey"]
[Black "Hakobyan, Aram"]
[WhiteFideId "13504037"]
[BlackFideId "13306677"]
[WhiteElo "2722"]
[BlackElo "2959"]
[Result "0-1"]
[Round "7"]
[TimeControl "180+1"]
[Date "2023.08.15"]
[WhiteClock "0:00:21"]
[BlackClock "0:01:04"]
[Board "17"]

1. d4 Nf6 2. c4 e6 3. Nf3 h6 4. Nc3 Bb4 5. e3 c5 6. Bd3 Nc6 7. O-O Bxc3 8. bxc3 d6 9. e4 e5 10. d5 Ne7 11. Nd2 g5 12. Re1 Ng6 13. Nf1 Nf4 14. Ne3 h5 15. Bc2 h4 16. Nf5 Bxf5 17. exf5 Kd7 18. Rb1 Kc7 19. Be3 Nd7 20. a4 a5 21. Rb5 Ra6 22. Qb1 b6 23. Qd1 Qf6 24. Be4 Qh6 25. Rb2 Nf6 26. Bb1 Rha8 27. Qb3 Qf8 28. Qb5 Qe8 29. Qxe8 Rxe8 30. g3 Rg8 31. Bc1 N4h5 32. Kg2 Raa8 33. h3 g4 34. gxh4 gxh3+ 35. Kxh3 Rg4 36. Bd3 Rh8 37. Bg5 Nf4+ 0-1


[Site "https://www.chess.com"]

[Event "Titled Tuesday Blitz August 15 Early 2023"]
[White "Kovalenko, Igor"]
[Black "Gubajdullin, Alexei"]
[WhiteFideId "14117908"]
[BlackFideId "4141202"]
[WhiteElo "2936"]
[BlackElo "2713"]
[Result "1-0"]
[Round "7"]
[TimeControl "180+1"]
[Date "2023.08.15"]
[WhiteClock "0:01:27"]
[BlackClock "0:00:00"]
[Board "18"]

1. c4 Nf6 2. Nc3 g6 3. g3 Bg7 4. Bg2 O-O 5. e3 d6 6. Nge2 Nc6 7. b3 h5 8. h3 Bd7 9. Bb2 Rb8 10. d4 e6 11. O-O a6 12. Nf4 b5 13. c5 Ne7 14. b4 Bc6 15. e4 dxc5 16. dxc5 Nd7 17. Qc2 Ne5 18. Rad1 Qe8 19. Nce2 h4 20. gxh4 Nc4 21. Bxg7 Kxg7 22. Qc3+ e5 23. Ng3 f6 24. Ne6+ Kh7 25. Nxf8+ Qxf8 26. f4 Qg7 27. fxe5 Nxe5 28. Rf2 Ng8 29. Kh2 Re8 30. Rdf1 Qh6 31. h5 gxh5 32. Nf5 Qg5 33. Rg1 h4 34. Bh1 Qh5 35. Ng7 Qf7 36. Nxe8 Qxe8 37. Rf4 1-0


[Site "https://www.chess.com"]

[Event "Titled Tuesday Blitz August 15 Early 2023"]
[White "Di Nicolantonio, Lucas"]
[Black "Kamsky, Gata"]
[WhiteFideId "680460"]
[BlackFideId "2000024"]
[WhiteElo "2613"]
[BlackElo "2935"]
[Result "1/2-1/2"]
[Round "7"]
[TimeControl "180+1"]
[Date "2023.08.15"]
[WhiteClock "0:00:03"]
[BlackClock "0:00:08"]
[Board "19"]

1. Nf3 Nf6 2. c4 b6 3. d4 e6 4. e3 Bb7 5. Bd3 g6 6. O-O Bg7 7. Nc3 O-O 8. e4 d6 9. Re1 Nbd7 10. b3 e5 11. d5 a5 12. a3 Nc5 13. Bc2 c6 14. Rb1 cxd5 15. cxd5 Ne8 16. b4 axb4 17. axb4 Nd7 18. Ba4 Rc8 19. Nb5 Ra8 20. Nc3 Nb8 21. Bb5 Nc7 22. Bf1 h6 23. Be3 Nd7 24. Nb5 Ne8 25. Nd2 f5 26. f3 fxe4 27. fxe4 Ba6 28. Nc3 Bxf1 29. Rxf1 Nef6 30. Qe2 h5 31. h3 Kh7 32. Nb5 Qe7 33. Ra1 Bh6 34. Rxa8 Rxa8 35. Bxh6 Kxh6 36. Nc4 Ne8 37. Qf2 Kg7 38. Ne3 Ndf6 39. Qc2 Qd7 40. Qc6 Qxc6 41. dxc6 Rc8 42. c7 Kf7 43. Nd5 Ke6 44. Nxb6 Rxc7 45. Nxc7+ Nxc7 46. Rc1 Nb5 47. Rc4 Na3 48. Rc3 Nb5 49. Rg3 Kf7 50. Rf3 Ke6 51. Rg3 Kf7 52. Rf3 Ke6 53. Rg3 1/2-1/2


[Site "https://www.chess.com"]

[Event "Titled Tuesday Blitz August 15 Early 2023"]
[White "Sarana, Alexey"]
[Black "Pakleza, Zbigniew"]
[WhiteFideId "24133795"]
[BlackFideId "1119290"]
[WhiteElo "3079"]
[BlackElo "2819"]
[Result "1-0"]
[Round "7"]
[TimeControl "180+1"]
[Date "2023.08.15"]
[WhiteClock "0:00:30"]
[BlackClock "0:00:00"]
[Board "20"]

1. d4 d6 2. e4 Nf6 3. Nc3 c6 4. Nf3 Bg4 5. Bc4 e6 6. Bd3 d5 7. Be3 Bb4 8. e5 Nfd7 9. a3 Be7 10. Ne2 c5 11. c3 Bxf3 12. gxf3 Nc6 13. b4 cxd4 14. cxd4 g6 15. f4 Rc8 16. Kf1 a5 17. b5 Ncb8 18. Bd2 O-O 19. Qb1 Kh8 20. h4 f5 21. exf6 Nxf6 22. h5 gxh5 23. Ng3 Qe8 24. Qd1 Nbd7 25. Nxh5 Nxh5 26. Qxh5 Qxh5 27. Rxh5 Nf6 28. Re5 Ne4 29. Bxe4 dxe4 30. Rxe6 Bf6 31. Rxe4 Rc4 32. Be3 Rfc8 33. a4 Kg7 34. Ke2 Kg6 35. Re6 Kf5 36. Rd6 Rc3 37. Kf3 Rb3 38. Rh1 1-0


[Site "https://www.chess.com"]

[Event "Titled Tuesday Blitz August 15 Early 2023"]
[White "Grischuk, Alexander"]
[Black "Timofeev, Artyom"]
[WhiteFideId "4126025"]
[BlackFideId "4140419"]
[WhiteElo "3040"]
[BlackElo "2833"]
[Result "1/2-1/2"]
[Round "7"]
[TimeControl "180+1"]
[Date "2023.08.15"]
[WhiteClock "0:00:06"]
[BlackClock "0:00:10"]
[Board "21"]

1. d4 Nf6 2. Nf3 g6 3. Nc3 Bg7 4. e4 d6 5. Be3 c6 6. h3 O-O 7. Qd2 Qc7 8. Bh6 e5 9. O-O-O b5 10. Bd3 b4 11. Ne2 c5 12. dxe5 dxe5 13. Bxg7 Kxg7 14. Bc4 Nbd7 15. Bd5 Nxd5 16. Qxd5 Nf6 17. Qxe5 Qxe5 18. Nxe5 Nxe4 19. Rhf1 Ba6 20. Nd3 Rad8 21. f3 Bxd3 22. Rxd3 Rxd3 23. cxd3 Nd6 24. Kd2 c4 25. Rc1 Rd8 26. Nd4 Rc8 27. Nc2 c3+ 28. bxc3 bxc3+ 29. Kd1 Rb8 30. Ne3 Rb2 31. Rc2 Rb1+ 32. Rc1 Rb2 33. Rc2 Rb1+ 34. Rc1 Rb2 1/2-1/2


[Site "https://www.chess.com"]